 Dungeon Crawl Stone Soup version 0.19.4-10-g532645f (webtiles) character file.

312 Mesmaeker13 the Sneak (level 6, -1/44 HPs)
             Began as a Human Assassin on Feb 23, 2017.
             Slain by a crimson imp (3 damage)
             ... on level 4 of the Dungeon.
             The game lasted 00:08:37 (3545 turns).

Mesmaeker13 the Sneak (Human Assassin)              Turns: 3545, Time: 00:08:38

Health: -1/44      AC:  4    Str: 11    XL:     6   Next: 71%
Magic:  6/6        EV: 13    Int: 13    God:
Gold:   203        SH:  0    Dex: 15    Spells: 0 memorised, 5 levels left

rFire  . . .     SeeInvis .     t - +0 long sword
rCold  . . .     Gourm    .     k - +0 leather armour
rNeg   . . .     Faith    .     (no shield)
rPois  .         Spirit   .     (no helmet)
rElec  .         Reflect  .     d - +0 cloak
rCorr  .         Harm     .     (no gloves)
MR     .....                    (no boots)
Stlth  +++.......               (no amulet)
                                (no ring)
                                h - ring of flight

@: flying
A: no striking features
a: no special abilities


You were on level 4 of the Dungeon.
You were hungry.

You visited 1 branch of the dungeon, and saw 4 of its levels.

You collected 203 gold pieces.

Inventory:

Hand Weapons
 a - a +2 dagger
 b - a +0 blowgun
 t - a +0 long sword (weapon)
Armour
 d - a +0 cloak (worn)
 k - a +0 leather armour (worn)
Jewellery
 h - a ring of flight (left hand)
Scrolls
 e - a scroll of noise {unknown}
 i - a scroll of teleportation {unknown}
 m - 2 scrolls of fog {unknown}
 n - a scroll of amnesia {unknown}
 o - a scroll of remove curse
Potions
 j - a potion of flight
 l - 2 potions of cancellation
 q - a potion of mutation
 u - a potion of ambrosia {unknown}
 w - a potion of haste
Books
 s - a book of Conjurations

   Spells                             Type                      Level
   a - Magic Dart                     Conjuration                  1
   b - Searing Ray                    Conjuration                  2
   c - Dazzling Spray                 Conjuration/Hexes            3
   d - Fulminant Prism                Conjuration/Hexes            4
   e - Iskenderun's Mystic Blast      Conjuration                  4
   f - Iskenderun's Battlesphere      Conjuration/Charms           5
Comestibles
 g - 4 bread rations
 p - 3 meat rations
 v - a beef jerky


   Skills:
 - Level 2.0 Fighting
 + Level 3.7 Short Blades
 - Level 2.0 Throwing
 + Level 3.7 Dodging
 + Level 5.8 Stealth


You had 5 spell levels left.
You didn't know any spells.

Dungeon Overview and Level Annotations

Branches:
Dungeon (4/15)
 Temple: D:4-7

Altars:
Okawaru
Qazlal
Xom

Annotations:
D:3 Natasha


Message History

You miss the crimson imp. The crimson imp barely misses you.
You hit the crimson imp but do no damage.
The crimson imp hits you.
* * * LOW HITPOINT WARNING * * *
You slash the crimson imp!
The crimson imp is heavily wounded.
The crimson imp hits you.
* * * LOW HITPOINT WARNING * * *
The crimson imp hits you but does no damage.
You barely miss the crimson imp.
The crimson imp is moderately wounded.
The crimson imp hits you.
* * * LOW HITPOINT WARNING * * *
You hit the crimson imp.
The crimson imp is heavily wounded.
The crimson imp blinks!
You hit the crimson imp.
The crimson imp is severely wounded.
The crimson imp hits you.
You die...

########
#..5@..#
#..<...#
#......#
#......#
#........
#..........
#......#...
########...
..


You could see a crimson imp.

Vanquished Creatures
  A scorpion (D:3)
  A crimson imp (D:3)
  Ijyb (D:2)
  Terence (D:2)
  Natasha (D:3)
  A gnoll (D:1)
  5 adders
  3 oozes
  3 worms (D:2)
  3 dart slugs
  2 leopard geckos
  2 orcs (D:3)
  7 bats
  2 giant cockroaches
  8 hobgoblins
  8 jackals (D:1)
  6 kobolds
  3 quokkas
  A ball python (D:1)
  4 frilled lizards
  4 goblins
  5 rats
72 creatures vanquished.

Notes
Turn   | Place    | Note
-------+----------+-------------------------------------------
     0 | D:1      | Mesmaeker13 the Human Assassin began the quest for the Orb.
     0 | D:1      | Reached XP level 1. HP: 16/16 MP: 1/1
    74 | D:1      | Reached XP level 2. HP: 14/22 MP: 2/2
   441 | D:1      | Reached XP level 3. HP: 27/27 MP: 3/3
   880 | D:2      | Reached XP level 4. HP: 31/33 MP: 4/4
   896 | D:2      | Noticed Terence
   963 | D:2      | Killed Terence
  1530 | D:2      | Reached skill level 5 in Stealth
  1574 | D:2      | Reached XP level 5. HP: 38/38 MP: 5/5
  1738 | D:2      | Noticed Ijyb
  1774 | D:2      | Killed Ijyb
  1980 | D:2      | Found a stormy altar of Qazlal.
  2458 | D:3      | Reached XP level 6. HP: 42/44 MP: 6/6
  2718 | D:3      | Found an iron altar of Okawaru.
  3092 | D:3      | Noticed Natasha
  3119 | D:3      | Killed Natasha
  3261 | D:4      | Found a shimmering altar of Xom.
  3442 | D:3      | Noticed Natasha
  3542 | D:4      | HP: 2/44 [crimson imp (3)]
  3545 | D:4      | Slain by a crimson imp

Skill      XL: |  1  2  3  4  5 |
---------------+----------------+-----
Dodging        | 2 3 |  3.7
Stealth        | 5 |  5.8
Short Blades   | 3 |  3.7
Fighting       | |  2.0
Throwing       | |  2.0

Action                   |  1- 3 |  4- 6 || total
-------------------------+-------+-------++-------
Melee: Dagger            |    86 |   195 ||   281
       Long sword        |       |    45 ||    45
 Fire: Blowgun           |     5 |    31 ||    36
  Use: Scroll            |       |     6 ||     6
       Potion            |       |     2 ||     2
 Stab: Sleeping          |     5 |    15 ||    20
  Eat: Chunk             |       |     8 ||     8
Armor: Robe              |    21 |     3 ||    24
       Leather armour    |       |    56 ||    56
Dodge: Dodged            |    56 |   138 ||   194
       Rpst.: Long sword |       |     8 ||     8
